 Dungeon Crawl Stone Soup version 0.28.0-47-ge53b351184 (webtiles) character file.

Game seed: 16432026521387461146

1061 101zpm the Magician (level 8, -2/50 HPs)
             Began as a Djinni Fire Elementalist on May 9, 2022.
             Slain by a kobold brigand (5 damage)
             ... on level 7 of the Dungeon.
             The game lasted 00:08:17 (6795 turns).

101zpm the Magician (Djinni Fire Elementalist)      Turns: 6795, Time: 00:08:19

Health: -2/50      AC:  2    Str:  7    XL:     8   Next: 52%
Gold:   238        EV: 12    Int: 19    God:
                   SH:  0    Dex: 14

rFire   + + .      SeeInvis .   (no weapon)
rCold   x . .      Faith    .   (no shield)
rNeg    . . .      Spirit   .   a - +0 robe
rPois   ∞          Reflect  .   (no helmet)
rElec   .          Harm     .   (no cloak)
rCorr   .          Rampage  .   (no gloves)
Will    .....                   (boots unavailable)
Stlth   ++........              (no amulet)
HPRegen 0.16/turn               (no ring)
MPRegen 0.00/turn               (no ring)

@: flying
A: sickness immunity, fire resistance 2, cold vulnerability 1, float, innate
caster, HP casting, extra vitality 1
a: no special abilities


You were on level 7 of the Dungeon.
You visited 1 branch of the dungeon, and saw 7 of its levels.

You collected 238 gold pieces.

Inventory:

Armour
 a - a +0 robe (worn)
Jewellery
 c - an amulet of faith
 m - a ring of positive energy
 n - a ring of protection from cold
Wands
 i - a wand of digging (6)
 p - a wand of mindburst (26)
 r - a wand of acid (4)
Scrolls
 d - a scroll of enchant weapon {unknown}
 e - 2 scrolls of amnesia {unknown}
 f - a scroll of immolation {unknown}
 g - 3 scrolls of magic mapping {unknown}
 h - 4 scrolls of teleportation {unknown}
 j - 9 scrolls of identify {unknown}
 l - 3 scrolls of noise {unknown}
Potions
 b - 3 potions of curing {unknown}
 k - a potion of degeneration {unknown}
 o - a potion of flight {unknown}
 q - a potion of resistance {unknown}
 s - a potion of attraction {unknown}


   Skills:
 + Level 0.1 Fighting
 + Level 2.5 Dodging
 + Level 2.6 Stealth
 + Level 7.3 Spellcasting


You had 2 spell levels left.
You knew the following spells:

 Your Spells              Type           Power      Damage    Failure   Level
a - Foxfire               Conj/Fire      100%       2x1d9     1%          1
b - Scorch                Fire           70%        2d9       1%          2
c - Conjure Flame         Conj/Fire      35%        6-21      1%          3
d - Inner Flame           Hex/Fire       35%        N/A       1%          3
e - Flame Wave            Conj/Fire      35%        2d8       4%          4
f - Shock                 Conj/Air       100%       1d9       1%          1
g - Call Imp              Summ           35%        N/A       1%          2
h - Teleport Other        Tloc           35%        N/A       1%          3
Your spell library was empty.

Dungeon Overview and Level Annotations

Branches:
Dungeon (7/15)
 Temple: D:4-7

Altars:
Ashenzari
Okawaru
Vehumet
Wu Jian
Xom
Zin

Shops:
D:3 [   D:4 *   D:5 *


Innate Abilities, Weirdness & Mutations

You are immune to sickness and miasma.
You are immune to poison.
Your flesh is very heat resistant. (rF++)
You are vulnerable to cold. (rC-)
You float through the air rather than walking.
You learn spells naturally, not from books.
Your magical power is your life essence.
You have superior vitality. (+4 MHP)


Message History

* * * LOW HITPOINT WARNING * * *
Casting: Foxfire (safe; 1% risk of failure)
Press: ? - help, Q - select action, (/) - cycle Dir - look around, f - activate You conjure some foxfire!
* * * LOW HITPOINT WARNING * * *
Casting: Foxfire (safe; 1% risk of failure)
Press: ? - help, Q - select action, (/) - cycle Dir - look around, f - activate You conjure some foxfire!
* * * LOW HITPOINT WARNING * * *
You start resting.
Your foxfire dissipates!
You start resting.
A kobold brigand is nearby!
Casting: Foxfire (safe; 1% risk of failure)
Press: ? - help, Q - select action, (/) - cycle Dir - look around, f - activate You conjure some foxfire!
* * * LOW HITPOINT WARNING * * *
The foxfire hits the kobold brigand!
Flame seeps out of the kobold brigand.
The kobold brigand is heavily wounded.
The kobold brigand is engulfed in blazing flames.
Flame seeps out of the kobold brigand.
The foxfire hits the kobold brigand.
The kobold brigand explodes!
The kobold brigand throws a boomerang of dispersal.
The boomerang of dispersal hits you.
* * * LOW HITPOINT WARNING * * *
You blink.
Casting: Foxfire (safe; 1% risk of failure)
Confirm with . or Enter, or press ? or * to list all spells.
Flames lash the kobold brigand.
The kobold brigand is heavily wounded.
The kobold brigand's fire resistance burns away.
* * * LOW HITPOINT WARNING * * *
The kobold brigand closely misses you.
Casting: Scorch (safe; 1% risk of failure)
Confirm with . or Enter, or press ? or * to list all spells.
Flames lash the kobold brigand.
The kobold brigand is burned terribly!
The kobold brigand is severely wounded.
* * * LOW HITPOINT WARNING * * *
The kobold brigand hits you.
You die...

#.... #.... #
#....#########
#.#....#@K°§...#
.....#.#####.#
#.........#.#
#...#.###.#$#
#...<.......#
#.(§#.##.####
#....(..
#.K##.### #..
K..


You could see a kobold brigand (combustible).

Vanquished Creatures
  A hornet (D:7)
  Sigmund (D:3)
  An orc warrior (D:6)
  A necrophage (D:6)
  A kobold brigand (D:7)
  A scorpion (D:5)
  3 hounds
  A jelly (D:5)
  A gnoll shaman (D:5)
  An orc priest (D:6)
  Jessica (D:2)
  An orc wizard (D:6)
  4 gnolls
  4 adders
  A white imp (D:5)
  3 worms (D:2)
  5 dart slugs
  7 orcs (D:6)
  An endoplasm (D:3)
  5 giant cockroaches
  2 goblins
  5 hobgoblins
  4 jackals (D:4)
  5 quokkas
  2 ball pythons
  2 bats (D:1)
  A frilled lizard (D:1)
  8 kobolds
  A rat (D:3)
74 creatures vanquished.

Vanquished Creatures (collateral kills)
  6 foxfires (D:3)
6 creatures vanquished.

Vanquished Creatures (others)
  511 foxfires
511 creatures vanquished.

Grand Total: 591 creatures vanquished

Notes
Turn   | Place    | Note
-------+----------+-------------------------------------------
     0 | D:1      | 101zpm the Djinni Fire Elementalist began the quest for the
                  | Orb.
     0 | D:1      | Reached XP level 1. HP: 15/15 MP: 0/0
    80 | D:2      | Found an iron altar of Okawaru.
   131 | D:2      | Reached XP level 2. HP: 9/21 MP: 0/0
   929 | D:1      | Reached skill level 3 in Spellcasting
  1003 | D:1      | Reached XP level 3. HP: 19/25 MP: 0/0
  1003 | D:1      | Learned a level 1 spell: Shock
  1219 | D:1      | Found a faded altar of an unknown god.
  1888 | D:2      | Noticed Jessica
  1894 | D:2      | Killed Jessica
  1895 | D:2      | Reached XP level 4. HP: 23/31 MP: 0/0
  2578 | D:3      | Reached XP level 5. HP: 17/35 MP: 0/0
  2578 | D:3      | Learned a level 2 spell: Call Imp
  2921 | D:3      | Reached skill level 4 in Spellcasting
  2970 | D:3      | Found Gesixe's Antique Armour Boutique.
  3163 | D:3      | Noticed Sigmund
  3167 | D:3      | Killed Sigmund
  3168 | D:3      | Reached skill level 5 in Spellcasting
  3168 | D:3      | Reached XP level 6. HP: 20/40 MP: 0/0
  4110 | D:4      | Found Veoloi's Lightly-Used Armoury.
  4467 | D:4      | Found an ornate altar of the Wu Jian Council.
  4542 | D:5      | Entered Level 5 of the Dungeon
  4642 | D:5      | Found Eguogur's Assorted Antiques.
  4807 | D:5      | Found an iron altar of Okawaru.
  4831 | D:5      | Reached XP level 7. HP: 38/45 MP: 0/0
  4831 | D:5      | Learned a level 3 spell: Teleport Other
  4924 | D:5      | Found a glowing silver altar of Zin.
  5414 | D:6      | Found a shimmering altar of Xom.
  5416 | D:6      | Found a shimmering altar of Xom.
  5416 | D:6      | Found a shimmering altar of Xom.
  5500 | D:6      | Reached skill level 6 in Spellcasting
  5963 | D:6      | HP: 2/45 [orc warrior/+0 hand axe (13)]
  6462 | D:6      | Reached XP level 8. HP: 40/50 MP: 0/0
  6555 | D:6      | Found a shimmering altar of Xom.
  6580 | D:6      | Found a broken altar of Ashenzari.
  6771 | D:7      | Noticed a hornet
  6776 | D:7      | Killed a hornet
  6777 | D:7      | Reached skill level 7 in Spellcasting
  6795 | D:7      | Slain by a kobold brigand

Illustrated notes

Levels and vault maps discovered:
D:1:      onia_arrival_pyramid, layout_basic,
          ebering_ecumenical_altar_sacrificial
D:2:      layout_basic, basic_altar, kennysheep_crisscross,
          kennysheep_jessica_study, uniq_jessica
D:3:      layout_loops_cross, serial_shops, nicolae_shop_crystal,
          serial_bayou_pond_c, uniq_sigmund
D:4:      layout_basic, mainiacjoe_overflow_paths,
          chequers_serial_rivers_small_b, corner_web_ring, minmay_shop_damaged,
          skrybe_limestone_x
D:5:      layout_rooms, mainiacjoe_overflow_six_doors_small,
          mainiacjoe_overflow_large_starburst, serial_rivers,
          chequers_serial_rivers_micro_c, chequers_serial_rivers_small_a,
          chequers_serial_rivers_large_a, chequers_serial_rivers_small_b,
          serial_shops, nicolae_diamond_shop
D:6:      layout_loops_ring, kennysheep_mini, xom_redecorated
D:7:      layout_basic, mainiacjoe_overflow_alcove_1, minmay_temple_entry_grid,
          ebering_ghost_rock_garden, minmay_unpleasant_kobolds, uniq_harold,
          uniq_duvessa

Skill      XL: |  1  2  3  4  5  6  7  8 |
---------------+-------------------------+-----
Spellcasting   | 3 5 6 7 |  7.3
Stealth        | 2 |  2.6
Fighting       | |  0.1
Dodging        | |  2.5

Action                   |  1- 3 |  4- 6 |  7- 9 || total
-------------------------+-------+-------+-------++-------
 Cast: Foxfire           |    65 |   142 |   114 ||   321
       Scorch            |     6 |    19 |    10 ||    35
       Inner Flame       |     3 |     4 |    11 ||    18
Armor: Robe              |       |     1 |     1 ||     2
Dodge: Dodged            |     2 |     1 |     2 ||     5
